 Dungeon Crawl Stone Soup version 0.32-a0-918-g0f22ef8d61 (webtiles) character file.

Game seed: 13198586697398703344

21500 Heh the Carver (level 12, -4/102 HPs)
             Began as a Coglin Gladiator on Apr 11, 2024.
             Was an Initiate of Beogh.
             Shot with an arrow by an orc warrior (6 damage)
             ... led by an orc warlord
             ... on level 1 of the Orcish Mines.
             The game lasted 00:23:49 (14075 turns).

Heh the Carver (Coglin Gladiator)                  Turns: 14075, Time: 00:23:50

Health: -4/102     AC: 10    Str: 15    XL:     12   Next: 90%
Magic:  12/12      EV: 18    Int:  8    God:    Beogh [......]
Gold:   775        SH:  0    Dex: 20    Spells: 1/11 levels left

rFire   . . .        P - +0 scimitar {Gisele}
rCold   . . .        C - +5 falchion (freeze) {Azuma}
rNeg    . . .        E - +2 steam dragon scales
rPois   .            c - +1 helmet
rElec   .            (no cloak)
rCorr   .            J - +0 pair of gloves
SInv    .            (no boots)
Will    .....        (amulet unavailable)
Stlth   ++           (ring unavailable)
HPRegen 0.37/turn    (ring unavailable)
MPRegen 0.13/turn    (no gizmo)

%: no passive effects
@: no status effects
A: off-hand wielding, slow wielding, warmup strikes, no jewellery
a: Invent Gizmo, Renounce Religion


You were on level 1 of the Orcish Mines.
You worshipped Beogh.
Beogh was noncommittal.
You visited 2 branches of the dungeon, and saw 13 of its levels.
You also visited: Sewer and Ossuary.

You collected 775 gold pieces.

Inventory:

Hand Weapons
 a - a +0 long sword {Bernhard}
 f - a +0 dagger {Shatu-murrim}
 j - a +2 whip of freezing
 k - a +1 dagger of holy wrath {Mirna}
 l - a +0 long sword {Tepiltzin}
 r - a +4 vampiric trident
 w - a +2 trident of protection
 C - a +5 falchion of freezing (offhand) {Azuma}
 P - a +0 scimitar (weapon) {Gisele}
 Y - a +0 short sword of speed
Missiles
 d - 2 throwing nets
 e - a javelin
 u - 35 poisoned darts (quivered)
Armour
 b - a +0 leather armour
 c - a +1 helmet (worn)
 g - a +0 plate armour
 h - a +0 ring mail
 q - a +0 robe of willpower
 x - a +0 ring mail
 D - an orb of mayhem
 E - +2 steam dragon scales (worn)
 J - a +0 pair of gloves (worn)
 Q - a +0 scale mail
 S - a +0 leather armour of positive energy
 V - +0 acid dragon scales
 W - a +0 troll leather armour
Wands
 m - a wand of mindburst (21)
 y - a wand of flame (6)
 A - a wand of light (10)
 R - a wand of warping (16)
 T - a wand of charming (3)
Scrolls
 i - a scroll of enchant weapon
 n - 4 scrolls of amnesia
 t - 2 scrolls of torment
 z - 6 scrolls of teleportation
 B - 2 scrolls of fog
 H - 3 scrolls of immolation
 K - a scroll of vulnerability
 M - a scroll of silence
 N - 3 scrolls of revelation
 U - a scroll of identify
Potions
 o - 2 potions of resistance
 p - 3 potions of brilliance
 s - 2 potions of berserk rage
 v - 6 potions of enlightenment
 G - 3 potions of haste
 I - a potion of lignification
 L - 2 potions of ambrosia
 O - 4 potions of curing
 X - a potion of degeneration {unknown}


   Skills:
 + Level 11.8 Fighting
 - Level 14.1 Long Blades
 - Level 1.7 Throwing
 * Level 10.7 Dodging


You had one spell level left.
You knew the following spells:

 Your Spells              Type           Power      Damage    Failure   Level
a - Magic Dart            Conj           0%         1d3       41%         1
b - Blink                 Tloc           0%         N/A       54%         2
c - Mephitic Cloud        Conj/Alch/Air  0%         N/A       78%         3
d - Ignite Poison         Fire/Alch      0%         N/A       99%         4

Your spell library contained the following spells:

 Spells                   Type           Power      Damage    Failure   Level
 Call Imp                 Summ           0%         N/A       54%         2
 Cigotuvi's Dreadful Rot  Necr/Alch/Air  0%         N/A       54%         2
 Mercury Vapours          Alch/Air       0%         N/A       54%         2
 Freezing Cloud           Conj/Ice/Air   0%         6-21      100%        5


Dungeon Overview and Level Annotations

Branches:
Dungeon (12/15)            Temple (0/1) D:6            Lair (0/5) D:8
    Orc (1/2) D:12          Sewer (visited)         Ossuary (visited)

Altars:
Ashenzari
Cheibriados
Dithmenos
Fedhas
Hepliaklqana
Qazlal
Ru
Sif Muna
Uskayaw
Xom
Yredelemnul
Zin
The Shining One

Shops:
D:3 :

Annotations:
D:3 1 transporter, crux's ghost, amateur OpSh


Innate Abilities, Weirdness & Mutations

You can wield a second weapon in your off-hand.
It takes a long time for you to wield or remove held weapons.
Your first few attacks do less damage.
You cannot equip rings or amulets.


Message History

The troll bites you but does no damage. The troll claws you but does no damage.
The troll claws you!
The orc warrior hits the troll with a +0 vampiric war axe!
The orc warlord hits the troll with a +2 war axe!!
The troll closely misses you. The troll misses you. x2
There is a staircase back to the Dungeon, spattered with blood here.
The orc warrior goes up the stairs.
The warg completely misses you.
The troll bites the orc warlord!
The troll claws the orc warlord but does no damage. x2
The orc warrior hits the troll with a +0 halberd!
The orc hits the warg with a +0 trident.
The orc warlord hits the troll with a +2 war axe!!
The troll dies!
The troll attacks as it pursues you! The troll bites you!
The troll barely misses you. x2
The orc warrior goes up the stairs.
You slash the warg with your +0 scimitar!
The warg is moderately wounded.
You hit the warg but do no damage. The warg bites you!!
* * * LOW HITPOINT WARNING * * *
Unknown command.
You swap places.
The warg misses the orc warrior.
The orc closely misses the warg.
The orc warlord goes up the stairs.
The orc warrior goes up the stairs.
Unknown command.
Blink to where?
Press: ? - help, Dir - move target
As you read the scroll of blinking, it crumbles to dust.
The orc warrior unwields a +2 glaive of freezing.
The orc warrior wields a +0 orcbow.
The orc warrior shoots an arrow.
The arrow hits you!
* * * LOW HITPOINT WARNING * * *
The orc warrior goes up the stairs.
Okay, then.
Okay, then.
As you read the scroll of fog, it dissolves into smoke.
The orc goes up the stairs.
The orc warrior shoots an arrow.
The arrow hits you.
You die...
Beogh appreciates the orc warrior's killing of a heretic priest.

#.........#. .
#.........$.#.## #.
##..............#
...#................
..^..........#......
.......<[...........
.......(.h......o...
.......§..§§§§......
..........T§@§....#
........#..#§§§.....
.$..#...####........
..##...## .........
.. #... #........
##.. ........# #..
#.#....## ###....#


You could see a troll, a warg and an orc warrior.

Vanquished Creatures
  2 boulder beetles
  8 two-headed ogres
  A cyclops (D:11)
  2 ugly things
  Joseph (D:9)
  4 gargoyles
  An unseen horror (D:10)
  Jeremiah (D:6)
  A kobold demonologist (D:12)
  2 komodo dragons (D:8)
  2 trolls (D:10)
  A hornet (D:9)
  Sigmund (D:2)
  15 yaks
  A shadow (D:12)
  2 vampires
  3 water elementals (D:12)
  A wyvern (D:8)
  5 wraiths
  4 vampire mosquitoes
  2 steam dragons
  2 acid dragons
  A water moccasin (D:7)
  3 black bears
  2 sky beasts (D:6)
  8 orc warriors
  An ogre (D:6)
  6 centaurs
  6 kobold brigands
  2 phantoms (D:6)
  Blork the orc (D:6)
  4 bullfrogs
  A weeping skull (Ossuary)
  3 gnoll sergeants
  2 scorpions (D:6)
  9 water moccasin zombies (Ossuary)
  13 wights
  9 killer bees
  2 bombardier beetles
  A hound (D:5)
  2 orc priests
  2 iguanas (D:6)
  A sleepcap (D:8)
  4 orc wizards
  3 crocodile zombies (Ossuary)
  2 mummies (Ossuary)
  10 adders
  14 gnolls
  2 river rats (Sewer)
  2 shadow imps
  2 white imps (D:6)
  4 ufetubi
  2 adder zombies (Ossuary)
  3 dart slugs
  38 orcs
  4 endoplasms
  6 goblins
  4 hobgoblins
  2 jackals (Sewer)
  19 kobolds
  7 quokkas
  5 ball pythons
  6 bats
  3 frilled lizards
  6 gnoll zombies (Ossuary)
  A goblin zombie (D:5)
  7 jackal zombies (Ossuary)
  3 orc zombies (Ossuary)
  A quokka zombie (D:5)
  3 rats
304 creatures vanquished.

Vanquished Creatures (collateral kills)
  Maggie (D:8)
1 creature vanquished.

Vanquished Creatures (others)
  A troll (Orc:1)
  A vampire (D:12)
  An orc (Orc:1)
3 creatures vanquished.

Grand Total: 308 creatures vanquished

Notes
Turn   | Place    | Note
-------+----------+-------------------------------------------
     0 | D:1      | Heh the Coglin Gladiator began the quest for the Orb.
     0 | D:1      | Reached XP level 1. HP: 16/16 MP: 1/1
   208 | D:1      | Reached XP level 2. HP: 22/22 MP: 2/2
   809 | D:2      | Reached XP level 3. HP: 28/28 MP: 3/3
  1080 | D:2      | Reached skill level 4 in Long Blades
  1142 | D:2      | Noticed Sigmund
  1149 | D:2      | Killed Sigmund
  1150 | D:2      | Reached skill level 5 in Long Blades
  1150 | D:2      | Reached XP level 4. HP: 30/37 MP: 4/4
  1150 | D:2      | Reached XP level 5. HP: 35/42 MP: 5/5
  1364 | D:3      | Found a transporter.
  1364 | D:3      | Noticed crux's ghost (amateur OpSh)
  1380 | D:3      | Reached XP level 6. HP: 48/48 MP: 6/6
  1589 | D:3      | Found a hide-covered altar of Uskayaw.
  1590 | D:3      | Found Inuginen's Book Boutique.
  1663 | D:3      | Found a glowing drain.
  1674 | Sewer    | Entered a sewer
  1857 | Sewer    | Reached skill level 6 in Long Blades
  1948 | Sewer    | Found a white marble altar of Elyvilon.
  2202 | D:3      | Reached XP level 7. HP: 55/55 MP: 7/7
  2827 | D:4      | Found a glowing silver altar of Zin.
  3022 | D:4      | Found a blossoming altar of Fedhas.
  3093 | D:4      | You fall into a shaft and drop 2 floors!
  3115 | D:6      | Reached skill level 5 in Fighting
  3115 | D:6      | Reached skill level 7 in Long Blades
  3197 | D:6      | Found a broken altar of Ashenzari.
  3233 | D:6      | Reached XP level 8. HP: 5/62 MP: 8/8
  3233 | D:6      | Found a staircase to the Ecumenical Temple.
  3734 | D:6      | Reached skill level 8 in Long Blades
  3754 | D:6      | Found a glowing golden altar of the Shining One.
  4013 | D:6      | Noticed Blork the orc
  4019 | D:6      | Killed Blork the orc
  4144 | D:6      | Noticed Jeremiah
  4158 | D:6      | HP: 2/64 [Jeremiah/+4 vampiric trident (11)]
  4159 | D:6      | Killed Jeremiah
  4160 | D:6      | Reached skill level 9 in Long Blades
  4652 | D:6      | Reached XP level 9. HP: 60/71 MP: 9/9
  4730 | D:5      | Entered Level 5 of the Dungeon
  4815 | D:5      | Found a sand-covered staircase.
  4828 | Ossuary  | Entered an ossuary
  4884 | Ossuary  | Reached skill level 10 in Long Blades
  5373 | D:5      | Found a snail-covered altar of Cheibriados.
  5553 | D:5      | Found a shimmering blue altar of Sif Muna.
  6184 | D:7      | Found a basalt altar of Yredelemnul.
  6360 | D:7      | Reached skill level 11 in Long Blades
  6843 | D:8      | Reached XP level 10. HP: 65/80 MP: 10/10
  7101 | D:8      | Reached skill level 5 in Dodging
  7131 | D:8      | Reached skill level 12 in Long Blades
  7429 | D:8      | Noticed a boulder beetle
  7434 | D:8      | Noticed Maggie
  7450 | D:8      | Killed a boulder beetle
  7452 | D:8      | Killed Maggie
  7663 | D:8      | Found a stormy altar of Qazlal.
  7740 | D:8      | Found a staircase to the Lair.
  7745 | D:8      | Reached skill level 13 in Long Blades
  8394 | D:9      | Noticed a two-headed ogre
  8399 | D:9      | Killed a two-headed ogre
  8400 | D:9      | Reached skill level 14 in Long Blades
  8400 | D:9      | Reached XP level 11. HP: 60/86 MP: 11/11
  8581 | D:9      | Found a shimmering altar of Xom.
  8588 | D:9      | Found a shadowy altar of Dithmenos.
  8588 | D:9      | Found a sacrificial altar of Ru.
  8878 | D:9      | Noticed Joseph
  8889 | D:9      | Killed Joseph
  9112 | D:9      | Learned a level 1 spell: Magic Dart
  9115 | D:9      | Learned a level 2 spell: Blink
  9119 | D:9      | Learned a level 3 spell: Mephitic Cloud
  9124 | D:9      | Learned a level 4 spell: Ignite Poison
  9305 | D:9      | Found a hazy altar of Hepliaklqana.
  9359 | D:10     | Entered Level 10 of the Dungeon
  9383 | D:10     | Noticed a two-headed ogre
  9390 | D:10     | Killed a two-headed ogre
  9588 | D:10     | Noticed a two-headed ogre
  9595 | D:10     | Killed a two-headed ogre
  9632 | D:10     | Noticed a boulder beetle
  9651 | D:10     | Killed a boulder beetle
  9729 | D:10     | Noticed a two-headed ogre
  9729 | D:10     | Found the +6 shillelagh "Devastator" {shatter}
  9738 | D:10     | Killed a two-headed ogre
  9993 | D:10     | Noticed a two-headed ogre
  9999 | D:10     | Killed a two-headed ogre
 10000 | D:10     | Reached skill level 10 in Fighting
 10313 | D:10     | Noticed a two-headed ogre
 10322 | D:10     | Killed a two-headed ogre
 10323 | D:10     | Reached XP level 12. HP: 37/98 MP: 12/12
 11202 | D:11     | Noticed a two-headed ogre
 11207 | D:11     | Killed a two-headed ogre
 11593 | D:11     | Noticed a two-headed ogre
 11599 | D:11     | Killed a two-headed ogre
 12353 | D:12     | Found a staircase to the Orcish Mines.
 12604 | D:12     | Reached skill level 10 in Dodging
 13699 | Orc:1    | Entered Level 1 of the Orcish Mines
 13699 | Orc:1    | Noticed an orc warlord
 14066 | Orc:1    | Became a worshipper of Beogh the Shepherd
 14074 | Orc:1    | HP: 2/102 [orc warrior/arrow[an orc warlord] (11)]
 14075 | Orc:1    | Shot with an arrow by an orc warrior

Illustrated notes

Levels and vault maps discovered:
D:1:      roderic_crossed_star, layout_basic
D:2:      layout_loops_ring, serial_forest, infiniplex_forest_clump_medium,
          infiniplex_forest_straight_2, infiniplex_forest_straight_4,
          infiniplex_forest_lined_room_, infiniplex_forest_zigzag_2,
          infiniplex_forest_clump_long, infiniplex_forest_lined_2,
          infiniplex_forest_lined_room_, uniq_sigmund
D:3:      minmay_chambers_of_threes, layout_basic,
          nicolae_uskayaw_murder_on_the_dancefloor, gammafunk_ghost_mausoleum,
          serial_shops, shop, portal_sewer_entry_f, kennysheep_donut,
          grunt_ministairs_11
D:4:      cheibrodos_barr_body, layout_cave_pools, lemuel_tele_altar,
          mainiacjoe_overflow_cross_hatched
D:5:      layout_basic, nicolae_overflow_crystal_walls,
          hellmonk_sif_muna_bookshelves, enter_ossuary_4, nicolae_titane
D:6:      layout_rooms, mainiacjoe_overflow_surrounded_room,
          mainiacjoe_overflow_six_doors_small,
          minmay_temple_entry_drinking_statues, minmay_stone_trees_small,
          minmay_misc_feat_pillars, uniq_blork_the_orc, uniq_jeremiah
D:7:      layout_basic, mainiacjoe_overflow_concentric_impassable,
          chequers_serial_rivers_small_b
D:8:      layout_loops_cross, nicolae_qazlal_eye_of_the_storm,
          grunt_lair_entry_orc_guard_hut, uniq_maggie
D:9:      layout_stronghold, worldfamousw_hep_ancestral_shrine,
          grunt_temple_overflow_open, chequers_serial_rivers_micro_c,
          hangedman_decor_lopped, uniq_joseph
D:10:     minmay_inner_zag, layout_long_grid, hangedman_abyss_or_decor_passed,
          dilly_guarded_unrand_devastator
D:11:     layout_grid_maze
D:12:     layout_loops_cross, david_orc_2, serial_bayou, serial_bayou_pond_a,
          serial_bayou_lake_a, serial_bayou_pond_d, serial_bayou_lagoon_b,
          serial_bayou_pond_b
Orc:1:    layout_caves, serial_shops, nicolae_shop_tiny_glass,
          regret_index_xom_of_box

Skill      XL: |  1  2  3  4  5  6  7  8  9 10 11 12 |
---------------+-------------------------------------+-----
Long Blades    | 5 6 7 9 11 14 | 14.1
Fighting       | 3 4 5 6 8 10 11 | 11.8
Dodging        | 4 5 8 10 | 10.7
Throwing       | |  1.7

Action                     |  1- 3 |  4- 6 |  7- 9 | 10-12 || total
---------------------------+-------+-------+-------+-------++-------
  Melee: Long sword        |    66 |   100 |   310 |   440 ||   916
         Dagger            |    27 |       |       |       ||    27
         Falchion          |       |       |   169 |   453 ||   622
         Scimitar          |       |       |       |     1 ||     1
  Throw: Throwing net      |       |       |     1 |     4 ||     5
         Dart              |       |       |       |    52 ||    52
 Invoke: Convert to Beogh  |       |       |       |     1 ||     1
  Evoke: Wand              |       |       |     1 |     6 ||     7
    Use: Scroll            |       |     6 |    11 |     9 ||    26
         Potion            |       |       |     5 |     4 ||     9
   Stab: Sleeping          |       |     2 |     4 |     2 ||     8
         Held in net/web   |       |       |     2 |       ||     2
         Invisible         |       |       |       |     1 ||     1
 Armour: Ring mail         |    25 |       |    75 |    37 ||   137
         Leather armour    |     4 |       |       |       ||     4
         Robe              |       |    42 |    84 |       ||   126
         Steam dragon scal |       |       |       |   270 ||   270
  Dodge: Dodged            |    28 |    44 |   139 |   395 ||   606

Table legend: (Time is in decaauts)
 A = Elapsed time spent in this place.
 B = Non-inter-level travel time spent in this place.
 C = Inter-level travel time spent in this place.
 D = Time resting spent in this place.
 E = Time spent auto-exploring this place.
 F = Levels seen in this place.
 G = Mean time per level.
                   A        B        C        D        E       F      G
               +--------+--------+--------+--------+--------+-----+--------+
         Total |  13960 |  13563 |    397 |   1015 |  10428 |  15 |  930.7 |
       Dungeon |  13192 |  12796 |    396 |    907 |  10055 |  12 | 1099.3 |
  Orcish Mines |     12 |     12 |      0 |      0 |      0 |   1 |   12.0 |
         Sewer |    427 |    427 |      0 |    108 |    159 |   1 |  427.0 |
       Ossuary |    327 |    327 |      0 |      0 |    214 |   1 |  327.0 |
               +--------+--------+--------+--------+--------+-----+--------+

Top non-repeatable levels by time:
    D:10: 1810 daAuts
    D:12: 1670 daAuts
     D:6: 1639 daAuts
     D:8: 1298 daAuts
     D:9: 1176 daAuts
    D:11: 1115 daAuts
     D:3: 1026 daAuts
     D:5: 953 daAuts
     D:7: 796 daAuts
     D:2: 787 daAuts
     D:1: 572 daAuts
   Sewer: 427 daAuts
     D:4: 345 daAuts
 Ossuary: 327 daAuts
   Orc:1: 12 daAuts
